AoeStats
← Demetrio 01

Marketplace

503881387Analyzed
1v1 RM · 1mo ago on Sep 2, 2026· 33m 41s· 2 players
Game mode
Random Map
Map size
Tiny (2 player)
Population
200
Speed
Normal
Resources
Standard
Victory
Conquest
Starting age
Dark Age
Ending age
Imperial Age
RankedLock teamsTeams togetherTeam positionsShared explorationLock speedFull tech treeHidden civsTurbo modeCheats
Victory
Defeat
🇧🇷 Britons · Brazil
903
+14
🇸🇪 Franks · Sweden
854
-14
lE ponk
4:49 Loom
11:22 Feudal Age
15:28 Double-Bit Axe
15:37 Man-at-Arms
23:12 Arson
26:47 Castle Age
25:58 Gold Mining
25:58 Stone Mining
33:56 Scale Barding Armor
Demetrio 01
7:23 Loom
9:55 Feudal Age
11:24 Double-Bit Axe
11:34 Gold Mining
18:55 Fletching
19:06 Padded Archer Armor
25:21 Castle Age
25:25 Crossbowman
26:11 Bodkin Arrow
27:01 Town Watch
Connection lost

Rejoining the realm…

Still unreachable

The connection could not be restored.

Session expired

The server has moved on; the page needs a fresh start.